 Dungeon Crawl Stone Soup version 0.24.0-123-gd5b16e6ec5 (webtiles) character file.

Game seed: 9869150205006627644, levelgen mode: deterministic

97 FishyPogo the Magician (level 4, -1/25 HPs)
             Began as a Deep Elf Wizard on Dec 29, 2019.
             Was a Follower of Uskayaw.
             Slain by a jackal (3 damage)
             ... on level 3 of the Dungeon.
             The game lasted 00:08:41 (1628 turns).

FishyPogo the Magician (Deep Elf Wizard)            Turns: 1628, Time: 00:08:42

Health: -1/25      AC:  3    Str:  7 (9)  XL:     4   Next: 42%
Magic:  2/12       EV: 10    Int: 28 (29) God:    Uskayaw [*.....]
Gold:   43         SH:  9    Dex: 11 (13) Spells: 3/12 levels left

rFire    . . .     SeeInvis .   f - +1 short sword
rCold    . . .     Gourm    .   h - +2 shield
rNeg     . . .     Faith    .   a - +0 robe
rPois    .         Spirit   .   b - +0 hat
rElec    .         Reflect  .   (no cloak)
rCorr    .         Harm     .   c - +0 pair of gloves (curse)
MR       .....                  (no boots)
Stlth    ++........             (no amulet)
HPRegen  0.08/turn              (no ring)
MPRegen  0.13/turn              (no ring)

@: mighty, brilliant, lethally poisoned (-1 -> -3), very slightly contaminated,
invisible
A: no striking features
a: Stomp, Renounce Religion


You were on level 3 of the Dungeon.
You worshipped Uskayaw.
Uskayaw was noncommittal.
You were not hungry.

You visited 1 branch of the dungeon, and saw 3 of its levels.

You collected 43 gold pieces.

Inventory:

Hand Weapons
 f - a +1 short sword (weapon)
Missiles
 e - 110 stones (quivered)
Armour
 a - a +0 robe (worn)
 b - a +0 hat (worn)
 c - a cursed +0 pair of gloves (worn)
 h - a +2 shield (worn)
Scrolls
 i - a scroll of remove curse
 m - a scroll of enchant weapon
 o - a scroll of random uselessness
Comestibles
 d - 3 rations
 p - 4 chunks of flesh


   Skills:
 + Level 1.4 Fighting
 + Level 1.4 Short Blades
 - Level 3.0 Dodging
 - Level 3.0 Stealth
 * Level 1.6 Shields
 * Level 4.6 Spellcasting
 - Level 1.1 Conjurations
 - Level 1.1 Summonings
   Level 1.1 Translocations


You had 3 spell levels left.
You knew the following spells:

 Your Spells              Type           Power        Failure   Level  Hunger
a - Magic Dart            Conj           ####         3%          1    None
c - Mephitic Cloud        Conj/Pois/Air  ####....     11%         3    #......
j - Conjure Flame         Conj/Fire      ####....     11%         3    #......
n - Call Imp              Summ           ####....     4%          2    None

Your spell library contained the following spells:

 Spells                   Type           Power        Failure   Level  Hunger
 Blink                    Tloc           N/A          4%          2    None
 Slow                     Hex            ###.....     7%          2    None


Dungeon Overview and Level Annotations

Branches:
Dungeon (3/15)

Altars:
Nemelex Xobeh
Trog
Uskayaw


Message History

You start putting on your armour.
You continue putting on your glowing shield.
* * * LOW HITPOINT WARNING * * *
You feel sick.
You continue putting on your glowing shield. x2
* * * LOW HITPOINT WARNING * * *
You feel sick.
The worker ant closely misses the jackal.
The worker ant bites itself.
You continue putting on your glowing shield.
The worker ant bites the jackal.
The worker ant bites itself!
The worker ant is killed!
You finish putting on your +2 shield.
* * * LOW HITPOINT WARNING * * *
You feel sick.
You barely miss the jackal.
Your attack snaps the jackal out of its fear.
The jackal is severely wounded.
The jackal bites you.
You die...

# #. ##.. .....
#.#...#####
..#......@h.#
...##...###s#
.#.###. #†#
......)## #s#
.⌠......###(#
_...#...#†).####.#
s⌠..s....h[......#
...#...#)########
#.###.#)#


You could see a jackal and a giant cockroach (wandering).

Vanquished Creatures
  A worker ant (D:3)
  3 adders
  2 oozes (D:2)
  A dart slug (D:3)
  3 leopard geckos
  5 bats
  2 hobgoblins
  A jackal (D:3)
  9 kobolds
  2 frilled lizards
  7 goblins
  5 rats
41 creatures vanquished.

Vanquished Creatures (collateral kills)
  A kobold (D:2)
1 creature vanquished.

Grand Total: 42 creatures vanquished

Notes
Turn   | Place    | Note
-------+----------+-------------------------------------------
     0 | D:1      | FishyPogo the Deep Elf Wizard began the quest for the Orb.
     0 | D:1      | Reached XP level 1. HP: 10/10 MP: 7/7
   302 | D:2      | Reached XP level 2. HP: 16/16 MP: 5/9
   306 | D:2      | Learned a level 2 spell: Call Imp
   447 | D:2      | Found a hide-covered altar of Uskayaw.
   676 | D:2      | Found a bloodstained altar of Trog.
   778 | D:2      | Reached skill level 1 in Fighting
   778 | D:2      | Reached XP level 3. HP: 20/20 MP: 5/10
   783 | D:2      | Learned a level 3 spell: Conjure Flame
   787 | D:2      | Learned a level 3 spell: Mephitic Cloud
   826 | D:2      | Reached skill level 1 in Shields
  1159 | D:1      | Reached skill level 1 in Short Blades
  1516 | D:3      | Found a faded altar of an unknown god.
  1523 | D:3      | Became a worshipper of Uskayaw the Reveler
  1523 | D:3      | Reached * piety under Uskayaw
  1540 | D:3      | Reached ** piety under Uskayaw
  1541 | D:3      | Reached XP level 4. HP: 25/25 MP: 7/12
  1583 | D:3      | Found a sparkling altar of Nemelex Xobeh.
  1628 | D:3      | Slain by a jackal

Levels and vault maps discovered:
D:1:      dpeg_arrival_windows_large_door, layout_basic,
          minmay_misc_feat_pillars
D:2:      lemuel_upstairs_altar, layout_loops_ring,
          eat_drink_and_be_merry_uskayaw, first_ration,
          trog_three_pillars_becter
D:3:      layout_loops_ring, trog_eyes_of_draining,
          nemelex_xobeh_ov_fountains_minmay,
          chequers_ecumenical_altar_simple_redux

Skill      XL: |  1  2  3 |
---------------+----------+-----
Stealth        | 3 |  3.0
Dodging        | 3 |  3.0
Fighting       | 1 |  1.4
Shields        | 1 |  1.6
Short Blades   | 1 |  1.4
Spellcasting   | |  4.6
Conjurations   | |  1.1
Summonings     | |  1.1
Translocations | |  1.1

Action                   |  1- 3 |  4- 6 || total
-------------------------+-------+-------++-------
Melee: Unarmed           |     6 |       ||     6
       Short sword       |    14 |    17 ||    31
 Cast: Magic Dart        |    84 |    10 ||    94
       Call Imp          |     3 |       ||     3
       Mephitic Cloud    |     2 |     2 ||     4
  Use: Scroll            |       |     4 ||     4
       Potion            |       |     4 ||     4
 Stab: Sleeping          |     2 |       ||     2
  Eat: Chunk             |     2 |       ||     2
Armor: Robe              |     5 |    10 ||    15
Dodge: Dodged            |    27 |    22 ||    49
